 Dungeon Sprint DCSS version 0.29-a0-320-g9f8742066b (webtiles) character file.

Game seed: 14270776092940274328

171 mhtbhm the Protected (level 5, 0/52 HPs)
             Began as a Minotaur Fighter on Apr 2, 2022.
             Slain by an orc
             ... wielding a +0 morningstar
              (8 damage)
             ... in the Dungeon (Sprint IX: "|||||||||||||||||||||||||||||").
             The game lasted 00:00:09 (77 turns).

mhtbhm the Protected (Minotaur Fighter)               Turns: 77, Time: 00:00:10

Health: 0/52       AC:  8    Str: 22    XL:     5   Next: 26%
Magic:  4/4        EV:  9    Int:  5    God:
Gold:   0          SH:  5    Dex: 10    Spells: 4/4 levels left

rFire   . . .      SeeInvis .   a - +0 trident
rCold   . . .      Faith    .   c - +0 buckler
rNeg    . . .      Spirit   .   b - +0 scale mail
rPois   .          Reflect  .   (helmet restricted)
rElec   .          Harm     .   (no cloak)
rCorr   .          Rampage  .   (no gloves)
Will    .....      NoTele   +   (no boots)
Stlth   ..........              (no amulet)
HPRegen 0.17/turn               (no ring)
MPRegen 0.09/turn               (no ring)

@: on berserk cooldown, slowed, very slow
A: horns 2, retaliatory headbutt
a: no special abilities


You were in the Dungeon.
You visited 1 branch

Inventory:

Hand Weapons
 a - a +0 trident (weapon)
Armour
 b - a +0 scale mail (worn)
 c - a +0 buckler (worn)
Scrolls
 j - a scroll of blinking
Potions
 d - a potion of might
 e - a potion of curing
 f - a potion of heal wounds
 g - a potion of haste
 h - 2 potions of magic


   Skills:
 + Level 7.3 Fighting
 + Level 5.9 Polearms
 + Level 8.3 Armour
 + Level 0.5 Dodging
 + Level 7.2 Shields


You had 4 spell levels left.
You didn't know any spells.
Your spell library was empty.

Dungeon Overview and Level Annotations

Branches:
Dungeon (1/1)

Altars:


Innate Abilities, Weirdness & Mutations

You have a pair of horns on your head.
You reflexively headbutt those who attack you in melee.


Message History

You puncture the hound!
You kill the hound!
Your Polearms skill increases to level 5!
You puncture the scorpion!
The scorpion is severely wounded.
You closely miss the scorpion. You headbutt the scorpion.
You kill the scorpion!
Your Fighting skill increases to level 7!
Your Armour skill increases to level 8!
Your Shields skill increases to level 7!
You have reached level 5!
You are no longer berserk.
You are exhausted.
You feel yourself slow down. The orc hits you with a +0 morningstar!
There is an open door, spattered with blood here.
Things that are here:
a +0 giant spiked club; a hound corpse Unknown command.
You barely miss the orc. You headbutt the orc.
The orc is lightly wounded.
You block the orc's attack.
Unknown command.
You hit the orc but do no damage.
The orc is lightly wounded.
The orc closely misses you. You block the orc's attack.
You barely miss the orc.
The orc is lightly wounded.
The orc hits you but does no damage. You block the orc's attack.
You puncture the orc!
The orc is almost dead.
The orc hits you with a +0 morningstar.
* * * LOW HITPOINT WARNING * * *
You hit the orc but do no damage.
The orc is almost dead.
You block the orc's attack. The orc hits you with a +0 morningstar.
* * * LOW HITPOINT WARNING * * *
You hit the orc but do no damage.
The orc is almost dead.
The orc hits you with a +0 morningstar!
You die...

▓.▓
▓.▓
▓)▓
▓.▓
▓.▓
▓.▓
▓.▓
▓.▓
▓@▓
▓o▓
▓.▓
▓.▓
▓.▓
▓.▓
▓+▓


You could see an orc.

Vanquished Creatures
  An ogre (D)
  A scorpion (D)
  A hound (D)
  An ufetubus (D)
  A giant cockroach (D)
  A kobold (D)
  A quokka (D)
  A ball python (D)
  A rat (D)
9 creatures vanquished.

Notes
Turn   | Place    | Note
-------+----------+-------------------------------------------
     0 | D        | mhtbhm the Minotaur Fighter began the quest for the Orb.
     0 | D        | Reached XP level 1. HP: 19/19 MP: 0/0
     7 | D        | Reached skill level 4 in Armour
    53 | D        | Noticed an ogre
    53 | D        | Noticed a hound
    53 | D        | Noticed a scorpion
    59 | D        | Killed an ogre
    60 | D        | Reached skill level 6 in Armour
    60 | D        | Reached XP level 2. HP: 24/30 MP: 1/1
    60 | D        | Reached XP level 3. HP: 29/37 MP: 2/2
    60 | D        | Reached XP level 4. HP: 35/44 MP: 3/3
    63 | D        | Reached skill level 7 in Armour
    69 | D        | Reached skill level 5 in Polearms
    70 | D        | Killed a scorpion
    71 | D        | Reached skill level 8 in Armour
    71 | D        | Reached XP level 5. HP: 37/52 MP: 4/4
    77 | D        | Slain by an orc

Illustrated notes

Levels and vault maps discovered:
D:        linesprint [early_d, line_temple, items_1, d_10, items_2, lair_1,
          lair_end, items_3, orc_1, orc_end, items_4, d_15, swamp_1, shoals_1,
          snake_1, spider_1, d_20, vaults_1, items_5, swamp_end, shoals_end,
          snake_end, spider_end, vaults_end, d_27, items_6, zot_1, zot_end,
          crypt_end, forest_end, elf_end, slime_end, tomb_end, abyss_end,
          pan_hell_end]

Skill      XL: |  1  2  3  4 |
---------------+-------------+-----
Fighting       | 6 7 |  7.3
Armour         | 6 8 |  8.3
Shields        | 6 7 |  7.2
Polearms       | 4 5 |  5.9
Dodging        | |  0.5

Action                   |  1- 3 |  4- 6 || total
-------------------------+-------+-------++-------
Melee: Trident           |    14 |    17 ||    31
       Headbutt          |     2 |     2 ||     4
  Use: Potion            |     1 |       ||     1
Armor: Scale mail        |     5 |     5 ||    10
Dodge: Dodged            |     3 |     5 ||     8
Block: Buckler           |     1 |     6 ||     7

Table legend: (Time is in decaauts)
 A = Elapsed time spent in this place.
 B = Non-inter-level travel time spent in this place.
 C = Inter-level travel time spent in this place.
 D = Time resting spent in this place.
 E = Time spent auto-exploring this place.
 F = Levels seen in this place.
 G = Mean time per level.
                   A        B        C        D        E       F      G
               +--------+--------+--------+--------+--------+-----+--------+
         Total |     78 |     78 |      0 |     34 |      3 |   1 |   78.0 |
       Dungeon |     78 |     78 |      0 |     34 |      3 |   1 |   78.0 |
               +--------+--------+--------+--------+--------+-----+--------+

Top non-repeatable levels by time:
       D: 78 daAuts
